AoeStats
← TinselFan831357

Pilgrims

509786392Analyzed
2v2 RM · 3d ago on Sep 28, 2026· 38m 10s· 4 players
Game mode
Random Map
Map size
Medium (4 player)
Population
200
Speed
Normal
Resources
Standard
Victory
Conquest
Starting age
Dark Age
Ending age
Imperial Age
RankedLock teamsTeams togetherTeam positionsShared explorationLock speedFull tech treeHidden civsTurbo modeCheats
Victory
Defeat
🇨🇴 Britons · Colombia
767
+8
🇨🇴 Bohemians · Colombia
703
+9
🇺🇸 Hindustanis · United States
561
-9
🇵🇭 Khmer · Philippines
557
-8
sampearl912
10:09 Feudal Age
10:16 Feudal Age
8:32 Loom
11:24 Double-Bit Axe
13:48 Horse Collar
20:48 Bloodlines
21:14 Scale Barding Armor
25:13 Castle Age
31:05 Chain Barding Armor
30:46 Light Cavalry
31:30 Husbandry
32:21 Forging
32:11 Scale Mail Armor
32:08 Fletching
32:18 Padded Archer Armor
32:08 Fletching
31:59 Elite Skirmisher
miki
17:05 Feudal Age
17:45 Arson
22:38 Horse Collar
23:00 Double-Bit Axe
33:51 Castle Age
31:38 Loom
33:57 Pikeman
TinselFan831357
15:58 Feudal Age
18:19 Double-Bit Axe
18:17 Horse Collar
26:47 Scale Mail Armor
26:47 Padded Archer Armor
26:52 Scale Barding Armor
26:58 Forging
26:38 Fletching
28:48 Wheelbarrow
31:16 Castle Age
33:39 Husbandry
35:16 Hand Cart
BracingFrog3600
4:36 Loom
10:48 Feudal Age
14:34 Man-at-Arms
21:02 Horse Collar
24:31 Double-Bit Axe
32:46 Castle Age
33:24 Crossbowman
34:00 Long Swordsman
38:32 Heavy Plow
Connection lost

Rejoining the realm…

Still unreachable

The connection could not be restored.

Session expired

The server has moved on; the page needs a fresh start.